 Dungeon Crawl Stone Soup version 0.31.0-11-ge490571c62 (webtiles) character file.

Game seed: 16501800466865355624

119 qw the Skirmisher (level 4, 0/25 HPs)
             Began as a Deep Elf Hunter on Feb 5, 2024.
             Incinerated by a bombardier beetle (2 damage)
             ... with a burning spray
             ... on level 3 of the Dungeon.
             The game lasted 00:00:43 (1740 turns).

qw the Skirmisher (Deep Elf Hunter)                 Turns: 1740, Time: 00:00:44

Health: 0/25       AC:  6    Str: 10    XL:     4   Next: 74%
Magic:  6/6        EV: 11    Int: 14    God:
Gold:   139        SH:  0    Dex: 18    Spells: 3/3 levels left

rFire   . . .        a - +0 shortbow
rCold   + . .        (shield currently unavailable)
rNeg    . . .        i - +1 ring mail
rPois   .            (no helmet)
rElec   .            (no cloak)
rCorr   .            (no gloves)
SInv    .            (no boots)
Will    .....        (no amulet)
Stlth   +            e - ring of protection from cold
HPRegen 0.24/turn    (no ring)
MPRegen 0.10/turn

%: no passive effects
@: on fire, glowing
A: no striking features
a: no special abilities


You were on level 3 of the Dungeon.
You visited 1 branch of the dungeon, and saw 3 of its levels.

You collected 139 gold pieces.


   Skills:
 - Level 1.5 Fighting
 + Level 8.2 Ranged Weapons
 - Level 2.4 Dodging
 - Level 1.2 Stealth


You had 3 spell levels left.
You didn't know any spells.
Your spell library was empty.

Inventory:

Hand Weapons
 a - a +0 shortbow (weapon)
Armour
 i - a +1 ring mail (worn)
Jewellery
 e - a ring of protection from cold (left hand)
Scrolls
 b - a scroll of teleportation
Potions
 h - a potion of haste
 j - a potion of enlightenment
 l - a potion of curing

Dungeon Overview and Level Annotations

Branches:
Dungeon (3/15)

Altars:


Message History

You shoot an arrow.
The arrow hits the kobold but does no damage.
You shoot an arrow. The arrow hits the kobold.
You kill the kobold!
A bombardier beetle comes into view.
You shoot an arrow. The arrow hits the bombardier beetle.
The bombardier beetle is lightly wounded.
You shoot an arrow. The arrow hits the bombardier beetle.
The bombardier beetle is lightly wounded.
You shoot an arrow.
The arrow hits the bombardier beetle but does no damage.
The bombardier beetle is lightly wounded.
You shoot an arrow.
The arrow completely misses the bombardier beetle.
You shoot an arrow. The arrow hits the bombardier beetle!
The bombardier beetle is severely wounded.
You shoot an arrow. The arrow hits the bombardier beetle.
The bombardier beetle is severely wounded.
The bombardier beetle sprays incendiary fluid at you.
The burning spray hits you.
You are covered in liquid fire!
You shoot an arrow.
The arrow hits the bombardier beetle but does no damage.
The bombardier beetle is severely wounded.
The liquid fire burns you!
You shoot an arrow.
The arrow barely misses the bombardier beetle.
The liquid fire burns you!
You shoot an arrow.
The arrow completely misses the bombardier beetle.
The liquid fire burns you!
You shoot an arrow. The arrow hits the bombardier beetle!
You kill the bombardier beetle!
The liquid fire burns you!
Your Ranged Weapons skill increases to level 8!
You are on fire!
The liquid fire burns you!
You are on fire!
The liquid fire burns you!
You die...

..... ... ...
...
#.###########
#.#.........#
#%#.#######.#
#@#.#####.#.#
#.#.......#.#
#.#######.#.#
#.# #...#.#.#
#.# #.#.#.#.#
#.# #.#.#.#.#
#.# #.#<#.#.#
#.# #.###.#.#
#.# #.#...#.#


There were no monsters in sight!

Vanquished Creatures
  A bombardier beetle (D:3)
  A gnoll (D:1)
  3 adders (D:2)
  A ribbon worm (D:2)
  An orc (D:2)
  4 ball pythons
  A bat (D:2)
  A bat skeleton (D:2)
  A bat zombie (D:2)
  5 endoplasms
  3 giant cockroaches (D:1)
  2 goblins
  2 hobgoblins (D:1)
  6 jackals
  A ball python skeleton (D:2)
  A frilled lizard (D:2)
  A giant cockroach zombie (D:2)
  6 kobolds
  A quokka skeleton (D:2)
  9 rats
51 creatures vanquished.

Notes
Turn   | Place    | Note
-------+----------+-------------------------------------------
     0 | D:1      | qw the Deep Elf Hunter began the quest for the Orb.
     0 | D:1      | Reached XP level 1. HP: 12/12 MP: 3/3
     0 | D:1      | 0 ||| qw: Version: 0.3-a-160-g6735b56
     0 | D:1      | 0 ||| qw: Game counter: 6467
     0 | D:1      | 0 ||| qw: Melee chars always use a shield: true
     0 | D:1      | 0 ||| qw: God list: Okawaru
     0 | D:1      | 0 ||| qw: Allow faded altars: false
     0 | D:1      | 0 ||| qw: Do Orc after clearing Dungeon:15 true
     0 | D:1      | 0 ||| qw: Do second Lair branch before Depths: true
     0 | D:1      | 0 ||| qw: Lair rune preference: random
     0 | D:1      | 0 ||| qw: Goals: Normal
     0 | D:1      | 0 ||| PLANNING D:1-11
   113 | D:1      | Reached skill level 6 in Ranged Weapons
   113 | D:1      | Reached XP level 2. HP: 16/16 MP: 4/4
   562 | D:1      | Reached XP level 3. HP: 20/20 MP: 5/5
   657 | D:1      | You fall into a shaft and drop 1 floor!
   658 | D:2      | 658 ||| UPGRADING to +0 ring mail.
   668 | D:2      | 668 ||| DROPPING +0 leather armour.
   669 | D:2      | 669 ||| UPGRADING to ring of protection from cold.
   670 | D:2      | 670 ||| READING scroll labelled XATI GINETUSYE.
   675 | D:2      | 675 ||| FLEEEEING.
   676 | D:2      | 676 ||| READING scroll labelled SAOTSY QUSMANA.
   676 | D:2      | 676 ||| IDENTIFYING bubbling amethyst potion
   677 | D:2      | 677 ||| READING scroll labelled DUQEH UKKU.
   677 | D:2      | 677 ||| ENCHANTING +0 ring mail.
   678 | D:2      | 678 ||| READING scroll labelled LAODIENLUSEY.
   679 | D:2      | 679 ||| DRINKING 2 cyan potions.
   680 | D:2      | 680 ||| DRINKING 2 clear potions.
   681 | D:2      | 681 ||| DROPPING scroll of butterflies.
   682 | D:2      | 682 ||| DROPPING potion of brilliance.
   929 | D:1      | 929 ||| READING scroll labelled MUSO CUWORPHO.
  1147 | D:2      | Reached skill level 7 in Ranged Weapons
  1282 | D:2      | Reached XP level 4. HP: 25/25 MP: 6/6
  1626 | D:2      | 1626 ||| READING scroll of identify.
  1626 | D:2      | 1626 ||| IDENTIFYING metallic pink potion
  1627 | D:2      | 1627 ||| READING scroll labelled YMOSOCOPUX.
  1738 | D:3      | HP: 5/25 [burnt (5)]
  1739 | D:3      | Reached skill level 8 in Ranged Weapons
  1739 | D:3      | HP: 2/25 [burnt (4)]
  1740 | D:3      | Incinerated by a bombardier beetle

Levels and vault maps discovered:
D:1:      wander_arrival_desolate, layout_loops_corners
D:2:      layout_rooms, serial_undead, serial_undead_c, serial_undead_e,
          serial_undead_c, serial_undead_d, corexii_shack
D:3:      layout_basic, ashenzari_conservatory_becter, uniq_jessica

Skill      XL: |  1  2  3  4 |
---------------+-------------+-----
Ranged Weapons | 6 7 8 |  8.2
Fighting       | |  1.5
Dodging        | |  2.4
Stealth        | |  1.2

Action                     |  1- 3 |  4- 6 || total
---------------------------+-------+-------++-------
   Fire: Shortbow          |    98 |    51 ||   149
    Use: Scroll            |     5 |     2 ||     7
         Potion            |     2 |       ||     2
 Armour: Leather armour    |     2 |       ||     2
         Ring mail         |    10 |    19 ||    29
  Dodge: Dodged            |    29 |    17 ||    46

Table legend:
 A = Non-vault XP
 B = Vault XP
 C = Vault XP percentage of total XP
 D = Non-vault monster count
 E = Vault monster count
 F = Vault count percentage of total count
                 A         B        C        D         E       F
            +---------+---------+-------+---------+---------+-------
      Total |     161 |      10 |   5.8 |      45 |       6 |  11.8
            +---------+---------+-------+---------+---------+-------
        D:1 |      45 |       0 |   0.0 |      20 |       0 |   0.0
        D:2 |      73 |      10 |  12.0 |      23 |       6 |  20.7
        D:3 |      43 |       0 |   0.0 |       2 |       0 |   0.0
            +---------+---------+-------+---------+---------+-------
